 Dungeon Sprint DCSS version 0.30-a0-368-g86fb4627a9 (webtiles) character file.

Game seed: 5921856055613654898

2233 Conn the Arsonist (level 9, 0/52 HPs)
             Began as an Octopode Fire Elementalist on Nov 19, 2022.
             Was a Follower of Sif Muna.
             Slain by a centaur warrior (4 damage)
             ... in the Dungeon (Sprint I: "Red Sonja").
             The game lasted 00:10:10 (643 turns).

Conn the Arsonist (Octopode Fire Elementalist)       Turns: 643, Time: 00:10:11

Health: 0/52       AC:  1    Str: 13    XL:     9   Next: 36%
Magic:  21/23      EV: 15    Int: 29    God:    Sif Muna [*.....]
Gold:   621        SH:  0    Dex: 10    Spells: 15/28 levels left

rFire   . . .      SeeInvis .    l - +5 flail of the Bespelling Fox {elec, Str+5 Int+2 Dex-2}
rCold   . . .      Faith    .    (no shield)
rNeg    . . .      Spirit   .    (helmet restricted)
rPois   .          Reflect  .    h - amulet of magic regeneration
rElec   .          Harm     .    p - +6 ring of intelligence
rCorr   .          Rampage  .    (no ring)
Will    .....      NoTele   +    (no ring)
Stlth   ++++......               (no ring)
HPRegen 0.28/turn                (no ring)
MPRegen 0.58/turn                (no ring)
                                 (no ring)
                                 (no ring)

@: no status effects
A: almost no armour, amphibious, 8 rings, camouflage 1, gelatinous body 1,
(nimble swimmer 1), tentacles
a: Renounce Religion, Channel Magic


You were in the Dungeon.
You worshipped Sif Muna.
Sif Muna was aware of your devotion.
You visited 1 branch You collected 833 gold pieces.
You spent 212 gold pieces at shops.

Inventory:

Hand Weapons
 j - a +0 dagger of venom
 l - the +5 flail of the Bespelling Fox (weapon) {elec, Str+5 Int+2 Dex-2}
   (You bought it in a shop in the Dungeon)

   It occasionally discharges a powerful burst of electricity upon striking a
   foe.
   Str:       It affects your strength (+5).
   Int:       It affects your intelligence (+2).
   Dex:       It affects your dexterity (-2).
Missiles
 k - 2 curare-tipped darts (quivered)
Jewellery
 h - an amulet of magic regeneration (around mantle)
 p - a +6 ring of intelligence (left tentacle)
Wands
 e - a wand of flame (19)
Scrolls
 g - a scroll of enchant armour {unknown}
 m - a scroll of brand weapon {unknown}
 n - 2 scrolls of identify {unknown}
 o - a scroll of butterflies {unknown}
Potions
 a - 3 potions of magic
 b - a potion of curing
 d - a potion of haste
 i - a potion of brilliance {unknown}


   Skills:
 + Level 0.6 Fighting
 + Level 6.8 Dodging
 - Level 5.3 Stealth
 + Level 10.3 Spellcasting
 * Level 8.0 Conjurations
 + Level 2.0 Translocations
 + Level 14.0 Fire Magic
 + Level 1.7 Air Magic


You had 15 spell levels left.
You knew the following spells:

 Your Spells              Type           Power      Damage    Failure   Level
a - Foxfire               Conj/Fire      100%       2x1d9     1%          1
b - Kindle Blastsparks    Fire/Tloc/Air  98%        2d18      1%          3
c - Inner Flame           Hex/Fire       54%        N/A       1%          3
d - Flame Wave            Conj/Fire      68%        2d15      1%          4
e - Scorch                Fire           100%       2d10      0%          2

Your spell library contained the following spells:

 Spells                   Type           Power      Damage    Failure   Level


Dungeon Overview and Level Annotations

Branches:
Dungeon (1/1)

Altars:
Cheibriados
Dithmenos
Elyvilon
Fedhas
Gozag
Hepliaklqana
Kikubaaqudgha
Makhleb
Nemelex Xobeh
Okawaru
Qazlal
Ru
Sif Muna
Trog
Uskayaw
Vehumet
Wu Jian
Xom
Yredelemnul
Zin
The Shining One
Jiyva
Lugonu

Shops:
D ([[


Innate Abilities, Weirdness & Mutations

You cannot wear most types of armour.
You are amphibious.
You can wear up to eight rings at the same time.
Your skin changes colour to match your surroundings (Stealth+).
Your rubbery body absorbs attacks. (AC +1, EV +1)
((You are camouflaged when in or above water. (Stealth+)))
You have tentacles for arms and can constrict up to eight enemies at once.


Message History

The centaur warrior shouts!
Flame seeps out of the centaur warrior.
The centaur warrior unwields a +0 longbow.
The centaur warrior hits you! The centaur warrior kicks you.
* * * LOW HITPOINT WARNING * * *
The centaur warrior is engulfed in blazing flames.
Flame seeps out of the centaur warrior.
You feel better. The centaur warrior hits you.
* * * LOW HITPOINT WARNING * * *
The centaur warrior barely misses you. The centaur warrior hits you!
* * * LOW HITPOINT WARNING * * *
The centaur warrior closely misses you.
Okay, then.
Okay, then.
Unknown command.
Unknown command.
Unknown command.
Casting: Foxfire (safe; 1% risk of failure)
Confirm with . or Enter, or press ? or * to list all spells.
Flames lash the centaur warrior.
The centaur warrior is lightly wounded.
The centaur warrior's fire resistance burns away.
The centaur warrior is no longer moving slowly.
Flame seeps out of the centaur warrior.
The centaur warrior is engulfed in blazing flames.
Sif Muna accepts your kill.
The centaur warrior explodes!
Your Spellcasting skill increases to level 10!
Your Conjurations skill increases to level 8!
Your Translocations skill increases to level 2!
Your Fire Magic skill increases to level 14!
Casting: Scorch (safe; 0% risk of failure)
Confirm with . or Enter, or press ? or * to list all spells.
Okay, then.
Unknown command.
Okay, then.
You feel better. The centaur warrior hits you!
* * * LOW HITPOINT WARNING * * *
The centaur warrior kicks you.
You die...

#..')§#..').#..'..'..#
#..#####'#####'#__####
#..####..#...#.####/[#
#..#__####..##(#~~§.c#
#..#_____##'#_.+§§c§.+
#⌠⌠#_.∩...÷..._#§c~§
####_..__##_.#'##'###
#_____###'#.#[...###
############@####'###.##
#∩.......['.c§○§....'.∩#
###++++####..§##########
###.### #.#'#.# #.....#
#.(...# #######


You could see a centaur warrior (combustible).

Vanquished Creatures
  A centaur warrior (D)
  Sonja (D)
  A deep troll (D)
  A slime creature (D)
  Sigmund (D)
  A yak (D)
  An ogre (D)
  A jelly (D)
  Ijyb (D)
  2 ballistomycete spores (D)
11 creatures vanquished.

Vanquished Creatures (others)
  26 foxfires (D)
26 creatures vanquished.

Grand Total: 37 creatures vanquished

Notes
Turn   | Place    | Note
-------+----------+-------------------------------------------
     0 | D        | Conn the Octopode Fire Elementalist began the quest for the
                  | Orb.
     0 | D        | Reached XP level 1. HP: 11/11 MP: 3/3
     1 | D        | Noticed Ijyb
    13 | D        | Killed Ijyb
    14 | D        | Reached skill level 5 in Fire Magic
    14 | D        | Reached XP level 2. HP: 13/17 MP: 0/6
    14 | D        | Reached XP level 3. HP: 16/21 MP: 0/7
    68 | D        | Noticed an ogre
    73 | D        | Learned a level 2 spell: Scorch
    77 | D        | Learned a level 3 spell: Kindle Blastsparks
    80 | D        | Killed an ogre
    81 | D        | Reached skill level 7 in Fire Magic
    81 | D        | Reached XP level 4. HP: 27/27 MP: 2/10
   150 | D        | Learned a level 3 spell: Inner Flame
   160 | D        | Noticed Sigmund
   163 | D        | Killed Sigmund
   164 | D        | Reached skill level 5 in Dodging
   164 | D        | Reached skill level 5 in Stealth
   164 | D        | Reached skill level 5 in Spellcasting
   164 | D        | Reached skill level 9 in Fire Magic
   164 | D        | Reached XP level 5. HP: 24/31 MP: 2/13
   164 | D        | Reached XP level 6. HP: 28/36 MP: 2/14
   250 | D        | Learned a level 4 spell: Flame Wave
   260 | D        | Found an ornate altar of the Wu Jian Council.
   260 | D        | Found a shimmering blue altar of Sif Muna.
   262 | D        | Found a radiant altar of Vehumet.
   309 | D        | Became a worshipper of Sif Muna the Loreminder
   313 | D        | Found Fefibyug's Antique Armour Emporium.
   313 | D        | Found an ancient bone altar of Kikubaaqudgha.
   313 | D        | Found a hazy altar of Hepliaklqana.
   313 | D        | Found a stormy altar of Qazlal.
   313 | D        | Found a hide-covered altar of Uskayaw.
   313 | D        | Found a blossoming altar of Fedhas.
   313 | D        | Found a bloodstained altar of Trog.
   313 | D        | Found an iron altar of Okawaru.
   313 | D        | Found a basalt altar of Yredelemnul.
   313 | D        | Found a glowing golden altar of the Shining One.
   313 | D        | Found a snail-covered altar of Cheibriados.
   313 | D        | Found a sacrificial altar of Ru.
   313 | D        | Found a glowing silver altar of Zin.
   313 | D        | Found a shadowy altar of Dithmenos.
   313 | D        | Found a white marble altar of Elyvilon.
   313 | D        | Noticed a yak
   318 | D        | Killed a yak
   319 | D        | Reached skill level 10 in Fire Magic
   319 | D        | Reached XP level 7. HP: 41/41 MP: 11/16
   321 | D        | Found an opulent altar of Gozag.
   322 | D        | Found a sparkling altar of Nemelex Xobeh.
   349 | D        | Found a burning altar of Makhleb.
   349 | D        | Found a viscous altar of Jiyva.
   349 | D        | Found a shimmering altar of Xom.
   349 | D        | Found a corrupted altar of Lugonu.
   349 | D        | Noticed a slime creature
   354 | D        | Killed a slime creature
   355 | D        | Reached skill level 11 in Fire Magic
   468 | D        | Noticed Sonja
   471 | D        | Killed Sonja
   471 | D        | Reached * piety under Sif Muna
   472 | D        | Reached skill level 12 in Fire Magic
   472 | D        | Reached XP level 8. HP: 46/46 MP: 11/20
   507 | D        | Found Vucro's Antique Weapon Boutique.
   515 | D        | Bought a transparent flail for 212 gold pieces
   515 | D        | Identified the +5 flail of the Bespelling Fox {elec, Str+5
                  | Int+2 Dex-2} (You bought it in a shop in the Dungeon)
   564 | D        | Noticed a deep troll
   582 | D        | Killed a deep troll
   583 | D        | Reached skill level 1 in Translocations
   583 | D        | Reached skill level 13 in Fire Magic
   583 | D        | Reached skill level 1 in Air Magic
   583 | D        | Reached XP level 9. HP: 44/51 MP: 9/22
   600 | D        | Found Fagao's Armour Emporium.
   626 | D        | Noticed a centaur warrior
   632 | D        | Noticed a centaur warrior
   642 | D        | Killed a centaur warrior
   643 | D        | Reached skill level 10 in Spellcasting
   643 | D        | Reached skill level 14 in Fire Magic
   643 | D        | Slain by a centaur warrior

Illustrated notes

Levels and vault maps discovered:
D:        dungeon_sprint_1 [red_sonja_temple_1, red_sonja_temple_small_1]

Skill      XL: |  1  2  3  4  5  6  7  8  9 |
---------------+----------------------------+-----
Stealth        | 3 4 5 |  5.3
Spellcasting   | 3 4 5 6 8 9 10 | 10.3
Fire Magic     | 5 7 9 10 12 13 14 | 14.0
Dodging        | 4 5 6 |  6.8
Conjurations   | 2 4 6 7 8 |  8.0
Translocations | 1 2 |  2.0
Air Magic      | 1 |  1.7
Fighting       | |  0.6

Action                   |  1- 3 |  4- 6 |  7- 9 || total
-------------------------+-------+-------+-------++-------
Melee: Unarmed           |     6 |       |       ||     6
       Tentacles         |     2 |       |       ||     2
       Constrict         |     1 |       |       ||     1
Throw: Dart              |       |       |     1 ||     1
 Cast: Foxfire           |     4 |     5 |     9 ||    18
       Scorch            |     2 |     4 |    11 ||    17
       Inner Flame       |       |       |     2 ||     2
       Kindle Blastspark |       |       |     5 ||     5
  Use: Potion            |     1 |       |     3 ||     4
       Scroll            |       |       |     1 ||     1
Dodge: Dodged            |     3 |       |     4 ||     7

Table legend: (Time is in decaauts)
 A = Elapsed time spent in this place.
 B = Non-inter-level travel time spent in this place.
 C = Inter-level travel time spent in this place.
 D = Time resting spent in this place.
 E = Time spent auto-exploring this place.
 F = Levels seen in this place.
 G = Mean time per level.
                   A        B        C        D        E       F      G
               +--------+--------+--------+--------+--------+-----+--------+
         Total |    647 |    647 |      0 |    273 |      0 |   1 |  647.0 |
       Dungeon |    647 |    647 |      0 |    273 |      0 |   1 |  647.0 |
               +--------+--------+--------+--------+--------+-----+--------+

Top non-repeatable levels by time:
       D: 647 daAuts
